 Dungeon Crawl Stone Soup version 0.18-a0-822-gb52b7b4 (webtiles) character file.

158526 Ijustatesigmund the Covert (level 17, -3/159 HPs)
             Began as a Naga Wizard on Dec 12, 2015.
             Was the Champion of Cheibriados.
             Slain by an entropy weaver (10 damage)
             ... on level 4 of the Spider Nest on Dec 16, 2015.
             The game lasted 03:54:42 (36397 turns).

Ijustatesigmund the Covert (Naga Wizard)           Turns: 36397, Time: 03:54:42

Health: -3/159     AC:  3    Str: 24 (25) XL:     17   Next: 72%
Magic:  19/37      EV: 21    Int: 46      God:    Cheibriados [******]
Gold:   2991       SH:  7    Dex: 32      Spells: 11 memorised, 3 levels left

rFire  . . .     SeeInvis +     l - +4 rapier (flame)
rCold  + . .     Gourm    .     L - +4 ring mail of Indemnity {rElec rC+ MR+ SInv}
rNeg   . . .     Faith    .     D - +0 buckler
rPois  +         Spirit   .     Z - +1 helmet {Int+3}
rElec  +         Dismiss  .     (no cloak)
rCorr  .         Reflect  .     R - +0 pair of gloves {Dex+3}
SustAt .         Harm     .     f - +2 naga barding
MR     +++..                    W - amulet of regeneration
Stlth  ++++++++..               j - ring of magical power
                                N - ring of wizardry

@: agile, corroded equipment, very slightly contaminated, repel missiles, very
slow, extremely resistant to hostile enchantments, extraordinarily stealthy
A: see invisible, clever 1, deformed body, low mp 1, poison resistance, slowness
2, slow metabolism 1, spit poison 2, constrict 1, AC +5
a: Spit Poison, Bend Time, Temporal Distortion, Slouch, Step From Time, Renounce
Religion


You were on level 4 of the Spider Nest.
You worshipped Cheibriados.
Cheibriados was exalted by your worship.
You were not hungry.

You visited 5 branches of the dungeon, and saw 29 of its levels.
You also visited: Labyrinth, Ice Cave and Volcano.

You collected 3590 gold pieces.
You spent 599 gold pieces at shops.

Inventory:

Hand Weapons
 l - a +4 rapier of flaming (weapon)
 x - the +5 long sword of Xiaptopu {venom, rF++ rC- SInv}
   (You found it on level 4 of the Dungeon)

   It poisons the flesh of those it strikes.
   It greatly protects you from fire.
   It makes you vulnerable to cold.
   It lets you see invisible.
 G - a +6 blowgun of evasion
Missiles
 u - 10 curare-tipped needles
Armour
 f - a +2 naga barding (worn)
 D - a +0 buckler (worn)
 L - the +4 ring mail of Indemnity (worn) {rElec rC+ MR+ SInv}
   (You found it on level 7 of the Dungeon)

   It protects you from cold.
   It insulates you from electricity.
   It affects your resistance to hostile enchantments.
   It lets you see invisible.
 R - a +0 pair of gloves of dexterity (worn)
 Z - a +1 helmet of intelligence (worn)
Jewellery
 g - an uncursed ring of stealth
 j - a ring of magical power (right hand)
 t - an uncursed ring of protection from magic
 v - an uncursed ring of ice
 C - the ring of Light {*Corrode rN++ MR+ Str+4}
   (You found it on level 11 of the Dungeon)

   [ring of protection from magic]

   It affects your strength (+4).
   It greatly protects you from negative energy.
   It affects your resistance to hostile enchantments.
   It may corrode your equipment when you take damage.
 M - an uncursed ring of fire
 N - a ring of wizardry (left hand)
 O - an uncursed ring of protection from fire
 W - an amulet of regeneration (around neck)
Wands
 e - a wand of disintegration (16)
 y - a wand of lightning (1)
 z - a wand of teleportation (1)
 A - a wand of polymorph (18)
 B - a wand of invisibility (0)
 Q - a wand of heal wounds (2)
 V - a wand of polymorph (12)
 Y - a wand of invisibility (3)
Scrolls
 c - 3 scrolls of immolation
 k - 18 scrolls of remove curse
 r - a scroll of summoning
 F - 2 scrolls of identify
 H - a scroll of holy word
 J - 5 scrolls of fog
 U - a scroll of magic mapping
 X - a scroll of brand weapon
Potions
 a - 2 potions of resistance
 i - 2 potions of might
 m - 2 potions of curing
 n - 4 potions of flight
 p - 2 potions of cancellation
 s - 3 potions of brilliance
 I - a potion of invisibility
 S - 2 potions of magic
 T - a potion of mutation
Books
 b - a book of Envenomations

   Spells                             Type                      Level
   a - Spider Form                    Transmutation/Poison         3
   b - Alistair's Intoxication        Transmutation/Poison         4
   c - Olgreb's Toxic Radiance        Poison                       4
   d - Poisonous Cloud                Conjuration/Poison/Air       6
Miscellaneous
 K - a disc of storms
Comestibles
 d - 15 bread rations
 h - 17 meat rations


   Skills:
 + Level 11.6 Fighting
 - Level 9.9(10.0) Short Blades
 - Level 1.1(6.3) Long Blades
 - Level 3.0 Throwing
 - Level 12.0 Armour
 - Level 8.0 Dodging
 - Level 13.2 Stealth
 - Level 3.3 Shields
 - Level 10.3 Spellcasting
 - Level 8.2 Conjurations
 - Level 7.3 Hexes
 - Level 8.7 Charms
   Level 1.0 Summonings
 - Level 8.0 Translocations
 - Level 5.0 Air Magic
 - Level 6.1 Poison Magic
 + Level 9.6 Invocations
 - Level 3.0 Evocations


You had 3 spell levels left.
You knew the following spells:

 Your Spells              Type           Power        Failure   Level  Hunger
a - Magic Dart            Conj           ####         1%          1    None
b - Blink                 Tloc           N/A          1%          2    None
c - Repel Missiles        Chrm/Air       ######       1%          2    None
d - Mephitic Cloud        Conj/Pois/Air  ######..     1%          3    None
e - Conjure Flame         Conj/Fire      ######..     1%          3    None
f - Venom Bolt            Conj/Pois      ######....   1%          5    None
g - Iskenderun's Battles  Conj/Chrm      #######.     1%          5    None
h - Apportation           Tloc           #######...   1%          1    None
i - Inner Flame           Hex/Fire       ######..     1%          3    None
j - Phase Shift           Tloc           #######...   1%          5    None
k - Dazzling Spray        Conj/Hex       #######.     1%          3    None


Dungeon Overview and Level Annotations

Branches:
Dungeon (12/15)            Temple (1/1) D:5            Lair (8/8) D:11
  Swamp (0/4) Lair:3       Spider (4/4) Lair:5        Slime (0/6) Lair:8
    Orc (4/4) D:9             Elf (0/3) Orc:3

Altars:
Ashenzari
Cheibriados
Dithmenos
Elyvilon
Fedhas
Gozag
Kikubaaqudgha
Makhleb
Nemelex Xobeh
Okawaru
Pakellas
Qazlal
Ru
Sif Muna
Trog
Vehumet
Xom
Yredelemnul
Zin
The Shining One
Beogh
Jiyva

Shops:
D:5 *[   D:7 (   D:12 %   Orc:4 %%(}


Innate Abilities, Weirdness & Mutations

You cannot wear boots.
Your serpentine skin is tough (AC +5).
You have supernaturally acute eyesight.
Armour fits poorly on your strangely shaped body.
Your system is resistant to poisons.
You cover ground very slowly.
You have a slow metabolism.
You can spit poison.
You can use your snake-like lower body to constrict enemies.
Your mind is acute. (Int +2)
Your magical capacity is low (-10% MP).


Message History

You block the entropy weaver's attack. The entropy weaver hits you!
* * * LOW HITPOINT WARNING * * *
The entropy weaver hits you.
* * * LOW HITPOINT WARNING * * *
The entropy weaver hits you!
* * * LOW HITPOINT WARNING * * *
Drink which item? (? for menu, Esc to quit)
Okay, then.
Evoke which item? (* to show all) (? for menu, Esc to quit)
Zapping:
Q - a wand of heal wounds (3)
Press: ? - help, Shift-Dir - straight line, f - you You feel much better.
This wand has 2 charges left.
The entropy weaver hits you!
* * * LOW HITPOINT WARNING * * *
The entropy weaver hits you!
* * * LOW HITPOINT WARNING * * *
The entropy weaver hits you.
* * * LOW HITPOINT WARNING * * *
The entropy weaver hits you!
You die...

*,,* ##...†.....## *,,*#......
*,,* *#.........#* *,,*#..#.#.
*,,**#...........#**,,*#..####
**,,*#...........##..**#†.# #
*,,#...#.....#...#..* #<.# #
*,,...###...###.....# #..#
**,,....#.....#......###†.##
**,,,.,................###..#
*,,,,,,.......@........,*#..#
*,,*,,,.#....pp.#....#,,*#..#
*,,*,,,*##.....###...#,,*#..##
*,,**,,,#.......#...##,.##...#
*,,,*,,....†......([#,..##..##
*,,**,,.#.......#p..##..##...#
*,,*,,,*##.....###...#..##..##
*,,*,,,,#......s#....#..##...##
*,,,,,,..s..$.......s...###...#


You could see 2 entropy weavers and a tarantella.

Vanquished Creatures
  Arachne (Spider:3)
  Asterion (Spider:2)
  Frances (D:12)
  6 ghost moths
  2 emperor scorpions
  4 spark wasps
  A minotaur (Lab)
  Josephine (D:10)
  Harold (Lair:4)
  The ghost of MordorOrchid the Nimble, a journeyman FeCj of Nemelex Xobeh (Lair:6)
  Fannar (D:12)
  4 entropy weavers
  9 hydras
  An alligator (Lair:3)
  3 catoblepae (Lair:8)
  A centaur warrior (D:12)
  14 death yaks (Lair:8)
  4 ogre magi (Orc:4)
  Urug (Orc:2)
  2 orc high priests
  Sonja (Orc:4)
  A fire crab (Lair:7)
  2 unseen horrors (D:11)
  A lindwurm (Volcano)
  4 orc sorcerers
  2 hill giants
  3 orc knights
  3 hornets
  20 wolf spiders
  A wizard (D:11)
  3 ugly things
  A necromancer (IceCv)
  A manticore (D:12)
  5 black mambas
  A griffon (Lair:8)
  A moth of wrath (Spider:4)
  A toenail golem (Volcano)
  18 orb spiders
  Maurice (Orc:1)
  A cyclops (D:12)
  6 elephants (Lair:8)
  The ghost of cireshan the Conjurer, a novice DECj of Sif Muna (D:7)
  3 gargoyles (Volcano)
  2 ice statues (IceCv)
  13 komodo dragons
  A centaur skeleton (D:11)
  12 spiny frogs
  6 fire drakes
  8 ice devils (IceCv)
  16 demonic crawlers
  20 jumping spiders
  6 trolls
  8 blink frogs
  12 two-headed ogres (Orc:4)
  5 polar bears
  4 boulder beetles
  22 tarantellas
  49 redbacks
  15 trapdoor spiders
  5 wraiths
  A steam dragon (D:11)
  6 wyverns
  5 fire elementals (Volcano)
  5 deep elf magi
  83 yaks
  A basilisk (Lair:4)
  3 fire bats (Lair:8)
  8 wargs
  12 hippogriffs
  2 hungry ghosts
  21 porcupines
  17 water moccasins
  Duvessa (D:7)
  24 wolves
  5 large abominations (D:11)
  A soldier ant (D:12)
  3 ice beasts
  2 phantoms
  A sky beast (D:9)
  A black bear (D:9)
  43 ogres
  25 orc warriors
  An eye of draining (D:8)
  3 wasps
  5 centaurs
  13 crocodiles
  Blork the orc (D:5)
  27 giant frogs
  2 big kobolds
  6 scorpions
  15 killer bees
  Dowan (D:7)
  12 wights
  2 vampire bats (D:5)
  7 small abominations (D:11)
  4 lava snakes (Lab)
  5 electric eels
  A quasit (D:9)
  8 crimson imps
  4 draconian simulacra (IceCv)
  A giant frog skeleton (D:9)
  3 giant frog zombies
  19 orc priests
  Crazy Yiuf (D:7)
  9 hounds
  3 centaur zombies
  3 jellies
  22 orc wizards
  15 iguanas
  8 worker ants
  30 sheep
  3 troll simulacra (IceCv)
  2 killer bee zombies
  A hound zombie (D:9)
  2 worker ant zombies
  Robin (D:1)
  71 river rats
  19 adders
  3 gnolls (D:5)
  2 naga simulacra (IceCv)
  An ogre simulacrum (IceCv)
  4 shadow imps
  12 white imps (Orc:4)
  An ooze (D:5)
  An adder zombie (D:8)
  An adder skeleton (D:8)
  2 worms (D:2)
  9 giant geckos
  73 orcs
  A ball python (D:3)
  2 bat skeletons (D:5)
  3 bat zombies (D:5)
  14 hobgoblins
  15 jackals
  31 kobolds
  5 quokkas
  6 bats
  5 giant cockroaches
  A giant cockroach zombie (D:6)
  A giant gecko zombie (D:6)
  3 giant newts (D:2)
  10 goblins
  A jackal skeleton (D:4)
  7 rats
  2 fire vortices (Volcano)
  2 fungi
  9 plants
1171 creatures vanquished.

Vanquished Creatures (collateral kills)
  A redback (Spider:3)
  A tarantella (Spider:1)
2 creatures vanquished.

Vanquished Creatures (others)
  A wolf (Lair:8)
  A bush (Lair:8)
  A fire vortex (Volcano)
  37 fungi
  33 plants
73 creatures vanquished.

Grand Total: 1246 creatures vanquished

Notes
Turn   | Place    | Note
--------------------------------------------------------------
     0 | D:1      | Ijustatesigmund the Naga Wizard began the quest for the Orb.
     0 | D:1      | Reached XP level 1. HP: 15/15 MP: 4/4
   571 | D:1      | Reached XP level 2. HP: 22/22 MP: 6/6
   575 | D:1      | Learned a level 2 spell: Blink
   578 | D:1      | Learned a level 2 spell: Repel Missiles
   728 | D:1      | Reached skill level 4 in Stealth
  1219 | D:2      | Noticed Robin
  1404 | D:2      | You fall through a shaft!
  1695 | D:2      | Reached XP level 3. HP: 28/28 MP: 7/7
  1701 | D:2      | Learned a level 3 spell: Mephitic Cloud
  2195 | D:1      | Killed Robin
  2195 | D:1      | Reached skill level 5 in Stealth
  2479 | D:2      | Reached skill level 1 in Poison Magic
  2489 | D:2      | Reached XP level 4. HP: 15/36 MP: 0/8
  2500 | D:2      | Reached skill level 1 in Air Magic
  3241 | D:2      | Found a bloodstained altar of Trog.
  3782 | D:3      | Found a shattered altar of Ashenzari.
  3966 | D:3      | Found a shadowy altar of Dithmenos.
  4027 | D:3      | Reached XP level 5. HP: 42/42 MP: 9/9
  4163 | D:3      | Found a shimmering altar of Xom.
  4168 | D:3      | Found a basalt altar of Yredelemnul.
  4676 | D:4      | Got a jewelled long sword
  4677 | D:4      | Identified the +5 long sword of Xiaptopu {venom, rF++ rC- SInv} (You found it on level 4 of the Dungeon)
  4800 | D:4      | Found a glowing silver altar of Zin.
  5029 | D:4      | Reached skill level 6 in Stealth
  5029 | D:4      | Reached XP level 6. HP: 21/49 MP: 10/10
  5364 | D:4      | Found an iron altar of Okawaru.
  5441 | D:5      | Entered Level 5 of the Dungeon
  5689 | D:5      | Reached skill level 7 in Stealth
  5689 | D:5      | Reached XP level 7. HP: 55/55 MP: 11/11
  5694 | D:5      | Learned a level 3 spell: Conjure Flame
  5699 | D:5      | Found Dorrunaf's Assorted Antiques.
  5852 | D:5      | Bought a glowing rapier for 72 gold pieces
  5852 | D:5      | Bought a runed robe for 12 gold pieces
  5852 | D:5      | Bought a scroll of identify for 36 gold pieces
  5852 | D:5      | Bought a scroll labeled CISENAELID for 18 gold pieces
  5913 | D:5      | Found a basalt altar of Yredelemnul.
  5952 | D:5      | Found Vamyum's Armour Shop.
  5973 | D:5      | Noticed Blork the orc
  5990 | D:5      | Killed Blork the orc
  5990 | D:5      | Reached skill level 1 in Long Blades
  6269 | D:5      | Reached skill level 1 in Fighting
  6269 | D:5      | Reached skill level 8 in Stealth
  6282 | D:5      | Reached XP level 8. HP: 49/64 MP: 13/13
  6581 | D:5      | Found a staircase to the Ecumenical Temple.
  6588 | Temple   | Entered the Ecumenical Temple
  6656 | Temple   | Became a worshipper of Cheibriados the Contemplative
  7059 | D:5      | Reached * piety under Cheibriados
  7062 | D:5      | Found an ancient bone altar of Kikubaaqudgha.
  7151 | D:6      | Reached skill level 9 in Stealth
  7151 | D:6      | Reached skill level 5 in Conjurations
  7395 | D:6      | Found a radiant altar of Vehumet.
  7604 | D:6      | Reached ** piety under Cheibriados
  7826 | D:5      | Bought a scroll of identify for 36 gold pieces
  7826 | D:5      | Bought a runed blowgun for 45 gold pieces
  7929 | D:6      | Reached skill level 10 in Stealth
  7929 | D:6      | Reached XP level 9. HP: 73/73 MP: 16/16
  8179 | D:6      | Reached skill level 5 in Spellcasting
  8508 | D:7      | Reached skill level 1 in Short Blades
  8577 | D:7      | Noticed cireshan's ghost (novice DECj)
  8579 | D:7      | Noticed Dowan
  8579 | D:7      | Noticed Duvessa
  8590 | D:7      | Killed cireshan's ghost
  8590 | D:7      | Reached *** piety under Cheibriados
  8594 | D:7      | Killed Dowan
  8806 | D:7      | Got a dazzling ring mail
  8853 | D:7      | Got a brightly glowing ring mail
  9032 | D:7      | Noticed Crazy Yiuf
  9036 | D:7      | Killed Crazy Yiuf
  9525 | D:7      | Reached **** piety under Cheibriados
  9661 | D:7      | Killed Duvessa
  9723 | D:7      | Found Egoteb's Antique Weapon Boutique.
  9827 | D:8      | Reached XP level 10. HP: 80/80 MP: 17/19
  9933 | D:8      | Reached skill level 1 in Throwing
 10484 | D:8      | Reached skill level 5 in Invocations
 11322 | D:9      | Reached ***** piety under Cheibriados
 11498 | D:9      | Gained mutation: Your mind is acute. (Int +2) [potion of beneficial mutation]
 11812 | D:9      | Found a staircase to the Orcish Mines.
 11957 | D:9      | Identified the +4 ring mail of the Hippo {*Confuse Str+7} (You found it on level 7 of the Dungeon)
 11967 | D:9      | Identified the +4 ring mail of Indemnity {rElec rC+ MR+ SInv} (You found it on level 7 of the Dungeon)
 12013 | D:10     | Entered Level 10 of the Dungeon
 12042 | D:10     | Reached skill level 1 in Armour
 12076 | D:10     | Reached XP level 11. HP: 70/86 MP: 20/20
 12136 | D:10     | Found an opulent altar of Gozag.
 12225 | D:10     | Learned a level 5 spell: Venom Bolt
 13480 | D:11     | Found a labyrinth entrance.
 13495 | Lab      | Entered a labyrinth
 13594 | Lab      | Reached skill level 5 in Poison Magic
 13657 | Lab      | Noticed a minotaur
 13665 | Lab      | Killed a minotaur
 13673 | Lab      | Got a coiled steel ring
 13702 | Lab      | Identified the ring "Vemiduu" {+Inv MR+ Int+6 Dex-4} (You found it in a labyrinth)
 13855 | D:11     | Noticed Josephine
 13906 | D:10     | Killed Josephine
 13906 | D:10     | Reached skill level 5 in Armour
 14093 | D:11     | Learned a level 5 spell: Iskenderun's Battlesphere
 14195 | D:11     | Reached skill level 5 in Dodging
 14197 | D:11     | Reached skill level 1 in Charms
 14438 | D:11     | Reached XP level 12. HP: 93/93 MP: 22/22
 14789 | D:11     | Reached ****** piety under Cheibriados
 14793 | D:11     | Found a staircase to the Lair.
 14843 | D:11     | Identified a scroll of acquirement
 14849 | D:11     | Learned a level 1 spell: Apportation
 15784 | D:11     | Upgraded the game from 0.18-a0-750-g37044d6 to 0.18-a0-801-gb01a236
 15957 | D:11     | Got a crude tin ring
 15962 | D:11     | Got an ancient amber ring
 15963 | D:11     | Identified the ring "Wuungi Kyte" {+/*Tele rF+ Str+4 Dex+3} (You found it on level 11 of the Dungeon)
 15965 | D:11     | Identified the ring of Light {*Corrode rN++ MR+ Str+4} (You found it on level 11 of the Dungeon)
 16034 | D:12     | Found Gupitugitu's Food Boutique.
 16035 | D:12     | Reached skill level 5 in Charms
 16074 | D:12     | Found a blossoming altar of Fedhas.
 16207 | D:12     | Noticed Fannar
 16237 | D:12     | Killed Fannar
 16424 | D:12     | Noticed Frances
 16440 | D:12     | Killed Frances
 16440 | D:12     | Gained mutation: You can use your snake-like lower body to constrict enemies. [Naga growth]
 16440 | D:12     | Reached XP level 13. HP: 86/105 MP: 13/25
 16638 | D:12     | Learned a level 3 spell: Inner Flame
 16648 | D:12     | Reached skill level 5 in Fighting
 16777 | Lair:1   | Entered Level 1 of the Lair of Beasts
 18419 | Lair:2   | Reached skill level 5 in Short Blades
 18951 | Lair:3   | Reached skill level 10 in Spellcasting
 19452 | Lair:3   | Found a staircase to the Swamp.
 20235 | Lair:4   | Reached XP level 14. HP: 123/123 MP: 28/28
 20602 | Lair:4   | Noticed Harold
 20611 | Lair:4   | Killed Harold
 20611 | Lair:4   | Reached skill level 1 in Shields
 20726 | Lair:4   | Found a bloodstained altar of Trog.
 21104 | Lair:5   | Found a hole to the Spider Nest.
 21891 | Lair:6   | Noticed MordorOrchid's ghost (journeyman FeCj)
 21896 | Lair:6   | Killed MordorOrchid's ghost
 22450 | Lair:2   | Reached skill level 11 in Stealth
 22516 | Lair:1   | Learned a level 5 spell: Phase Shift
 23935 | Lair:7   | Reached skill level 12 in Stealth
 24056 | Lair:8   | Entered Level 8 of the Lair of Beasts
 24109 | Lair:8   | Found a dark tunnel.
 24124 | Volcano  | Entered a volcano
 24571 | Volcano  | Reached XP level 15. HP: 104/130 MP: 29/29
 24824 | Lair:8   | Reached skill level 13 in Stealth
 25049 | Lair:8   | Found an opulent altar of Gozag.
 25099 | Lair:8   | Reached skill level 10 in Armour
 25178 | Lair:8   | Found a viscous altar of Jiyva.
 25179 | Lair:8   | Found a staircase to the Slime Pits.
 25547 | Lair:8   | Reached skill level 5 in Translocations
 26346 | Lair:8   | Identified Sif Muna's Papyrus of Dusty Execration (You found it on level 8 of the Lair of Beasts)
 26350 | Lair:8   | Identified the Reference Book on Combat Magic and Earth (You found it on level 8 of the Lair of Beasts)
 26355 | Lair:8   | Learned a level 3 spell: Dazzling Spray
 26884 | Orc:1    | Entered Level 1 of the Orcish Mines
 27005 | Orc:1    | Reached skill level 1 in Hexes
 27456 | Orc:3    | Found a staircase to the Elven Halls.
 27651 | Orc:2    | Noticed Urug
 27661 | Orc:2    | Killed Urug
 27802 | Orc:2    | Found a roughly hewn altar of Beogh.
 27887 | Orc:1    | Noticed Maurice
 27900 | Orc:1    | Killed Maurice
 28210 | Orc:2    | Gained mutation: Your magical capacity is low (-10% MP). [a neqoxec]
 28478 | Orc:4    | Entered Level 4 of the Orcish Mines
 28552 | Orc:4    | Noticed Sonja
 28566 | Orc:4    | Found a frozen archway.
 28592 | IceCv    | Entered an ice cave
 28946 | IceCv    | Reached XP level 16. HP: 138/138 MP: 27/27
 28956 | IceCv    | Got a brightly glowing hat
 28985 | IceCv    | Identified the +2 hat of Qyiniy {SInv} (You found it in an ice cave)
 29008 | IceCv    | Upgraded the game from 0.18-a0-801-gb01a236 to 0.18-a0-816-g97f838e
 29357 | Orc:4    | Killed Sonja
 30128 | Orc:4    | Found Unnol's Food Emporium.
 30128 | Orc:4    | Found Wownauh's Food Boutique.
 30129 | Orc:4    | Found Padghumm's Gadget Shop.
 30129 | Orc:4    | Found Atep's Weapon Emporium.
 30139 | Orc:4    | Bought a disc of storms for 380 gold pieces
 30306 | Orc:4    | Reached skill level 5 in Hexes
 30886 | Spider:1 | Entered Level 1 of the Spider Nest
 32851 | Spider:1 | Upgraded the game from 0.18-a0-816-g97f838e to 0.18-a0-822-gb52b7b4
 32868 | Spider:2 | Reached skill level 5 in Air Magic
 33187 | Spider:2 | Reached skill level 1 in Evocations
 33339 | Spider:2 | Noticed Asterion
 33355 | Spider:2 | Killed Asterion
 34345 | Spider:3 | Reached XP level 17. HP: 133/151 MP: 23/28
 34571 | Spider:3 | Noticed Arachne
 34596 | Spider:3 | Killed Arachne
 34704 | Spider:3 | Reached skill level 10 in Fighting
 35113 | Spider:4 | Entered Level 4 of the Spider Nest
 36396 | Spider:4 | HP: 6/159 [entropy weaver (10)]
 36397 | Spider:4 | Slain by an entropy weaver

Vault maps used:
D:1:      dpeg_arrival_simpleton_b, minmay_curled_crystal, patterned_corridor
D:2:      bloody_trog, minmay_ruptured, uniq_robin
D:3:      nicolae_overflow_hidden_temple, minitemple, evilmike_ruin_ashenzari
D:4:      okawaru_metal_pillars_3, lemuel_round_altar
D:5:      kennysheep_vampire_church, minmay_temple_entry_statues_fountains,
          serial_shops, shop, shop, basic_altar, first_bread, uniq_blork_the_orc
D:6:      kennysheep_kobold_camp, vehumet_altar_wand_db, minmay_strange_pillars
D:7:      serial_shops, kennysheep_little_box, grunt_ogre_cave,
          uniq_crazy_yiuf_cottage, uniq_duvessa
D:9:      orc_0_dummy
D:10:     basic_altar
D:11:     erik_lair_dragon, lab_entry_generic, minmay_crystal_room, laboratory,
          uniq_josephine
D:12:     serial_shops, shop, fedhas_bush_and_centaur_altar, uniq_frances,
          uniq_fannar
Temple:   circular_temple_12
Lair:1:   statuecave_lemuel, minivault_19, serial_bayou_shore_b
Lair:3:   swamp_mist, st_stairs_9
Lair:4:   boulder_dual_corridor_run, basic_altar, wad_woods_road_03,
          minmay_holes, st_stairs_13, grunt_forest_stairs_basic,
          beast_lair_carwin_4, uniq_harold
Lair:5:   spider_nest_entry_web_field, st_stairs_11
Lair:6:   beast_lair_carwin_3, bh_autumn_forest_stairs, grunt_megastairs_1
Lair:8:   evilmike_catoblepas_cave, slime_altar_1, basic_altar,
          nicolae_volcano_entry_batcave
Spider:1: spider_trap, nicolae_spider_webbed_stairs
Spider:2: uniq_asterion
Spider:3: spider_trap, uniq_arachne
Spider:4: johnstein_spider_rune_arachne_lair
Orc:1:    mines5_lemuel, uniq_maurice
Orc:2:    david_defended_altar_orc, uniq_urug
Orc:3:    serial_shops
Orc:4:    st_orc_ogre_mass, portal_ice_cave_entry_imps, uniq_sonja
Lab:      labyrinth_hidden_loot, labyrinth_skeletal_remains,
          labyrinth_lava_lair, nicolae_lab_diamond
IceCv:    ice_cave_tombish
Volcano:  volcano_aerie

Action                   |  1- 3 |  4- 6 |  7- 9 | 10-12 | 13-15 | 16-18 || total
-------------------------+-------+-------+-------+-------+-------+-------++-------
Melee: Unarmed           |     4 |       |       |       |       |       ||     4
       Short sword       |     6 |    26 |       |       |       |       ||    32
       Long sword        |       |    26 |   106 |    70 |    41 |    36 ||   279
       Rapier            |       |       |    71 |   530 |   810 |   583 ||  1994
 Fire: Blowgun           |       |       |    11 |     6 |       |       ||    17
 Cast: Magic Dart        |   116 |   116 |   220 |   382 |   873 |   257 ||  1964
       Repel Missiles    |     1 |     1 |     3 |     2 |     2 |     1 ||    10
       Blink             |     5 |       |     2 |    17 |    10 |     5 ||    39
       Mephitic Cloud    |       |     4 |    11 |    28 |    28 |    18 ||    89
       Conjure Flame     |       |       |       |    13 |     7 |     2 ||    22
       Venom Bolt        |       |       |       |     2 |       |     1 ||     3
       Iskenderun's Batt |       |       |       |     8 |   120 |    50 ||   178
       Inner Flame       |       |       |       |       |    17 |     3 ||    20
       Dazzling Spray    |       |       |       |       |    13 |   151 ||   164
       Phase Shift       |       |       |       |       |     2 |     8 ||    10
Invok: Slouch            |       |       |       |     4 |     1 |     8 ||    13
 Abil: Spit Poison       |    10 |     6 |     7 |     8 |     1 |     4 ||    36
Evoke: Wand              |       |       |       |     5 |     6 |     8 ||    19
       Disc of storms    |       |       |       |       |       |     5 ||     5
  Use: Scroll            |     7 |     4 |     9 |    12 |    17 |    14 ||    63
       Potion            |       |     4 |       |     7 |       |    17 ||    28
 Stab: Sleeping          |       |     1 |    22 |    22 |    27 |     9 ||    81
       Distracted        |       |       |     1 |     1 |     5 |     6 ||    13
       Confused          |       |       |       |    12 |    28 |     4 ||    44
       Invisible         |       |       |       |       |     3 |    26 ||    29
       Petrified         |       |       |       |       |     2 |       ||     2
  Eat: Chunk             |     4 |     7 |     6 |     5 |    12 |     4 ||    38
       Beef jerky        |       |     1 |     3 |     6 |     4 |       ||    14
       Royal jelly       |       |       |     1 |     1 |       |     1 ||     3
       Pizza             |       |       |       |     1 |       |     2 ||     3
       Meat ration       |       |       |       |       |     1 |       ||     1
       Bread ration      |       |       |       |       |     2 |       ||     2
       Fruit             |       |       |       |       |       |     5 ||     5
